 Dungeon Crawl Stone Soup version 0.19.5 (webtiles) character file.

866 devil0150 the Magician (level 7, -2/44 HPs)
             Began as a High Elf Wizard on Apr 9, 2017.
             Was a Follower of Yredelemnul.
             Killed from afar by an orc wizard (9 damage)
             ... with a magic dart
             ... on level 5 of the Dungeon.
             The game lasted 00:32:40 (6640 turns).

devil0150 the Magician (High Elf Wizard)            Turns: 6640, Time: 00:32:40

Health: -2/44      AC:  4    Str:  7    XL:     7   Next: 72%
Magic:  16/18      EV: 14    Int: 22    God:    Yredelemnul [*.....]
Gold:   204        SH:  0    Dex: 15    Spells: 7 memorised, 5 levels left

rFire  . . .     SeeInvis .     l - +1 spear (freeze)
rCold  . . .     Gourm    .     a - +0 robe
rNeg   . . .     Faith    .     (no shield)
rPois  .         Spirit   .     e - +2 hat
rElec  .         Reflect  .     (no cloak)
rCorr  .         Harm     .     (no gloves)
MR     .....                    (no boots)
Stlth  ++........               (no amulet)
                                (no ring)
                                (no ring)

@: no status effects
A: no striking features
a: Animate Remains, Renounce Religion


You were on level 5 of the Dungeon.
You worshipped Yredelemnul.
Yredelemnul was aware of your devotion.
You were hungry.

You visited 1 branch of the dungeon, and saw 5 of its levels.

You collected 204 gold pieces.

Inventory:

Hand Weapons
 f - a +0 trident
 h - a +0 scythe
 j - a +1 club
 l - a +1 spear of freezing (weapon)
 u - a +1 trident of pain
 w - a +0 shortbow
Missiles
 m - 15 bolts
 p - 48 poisoned needles
 t - 6 tomahawks (quivered)
 x - 33 arrows
Armour
 a - a +0 robe (worn)
 b - a +0 hat
 e - a +2 hat (worn)
 g - a +0 chain mail
 o - a +0 robe
Jewellery
 A - an uncursed ring of protection from magic {unknown}
Scrolls
 k - a scroll of remove curse
 y - a scroll of teleportation
 z - a scroll of recharging
Potions
 i - a potion of magic {unknown}
 n - a potion of brilliance {unknown}
 q - 2 potions of heal wounds {unknown}
 r - a potion of curing {unknown}
 s - a potion of degeneration {unknown}
Books
 c - a book of Minor Magic

   Spells                             Type                      Level
   a - Magic Dart                     Conjuration                  1
   b - Blink                          Translocation                2
   c - Call Imp                       Summoning                    2
   d - Repel Missiles                 Charms/Air                   2
   e - Slow                           Hexes                        2
   f - Conjure Flame                  Conjuration/Fire             3
   g - Mephitic Cloud                 Conjuration/Poison/Air       3
Comestibles
 d - 3 bread rations


   Skills:
 + Level 1.7 Fighting
 + Level 1.7 Polearms
 + Level 3.7 Dodging
 + Level 3.3 Stealth
 + Level 7.4 Spellcasting
 + Level 4.3 Conjurations
 + Level 1.1 Summonings
 + Level 1.1 Translocations
 + Level 0.2 Fire Magic
 + Level 0.5 Air Magic
 + Level 0.4 Poison Magic


You had 5 spell levels left.
You knew the following spells:

 Your Spells              Type           Power        Failure   Level  Hunger
a - Magic Dart            Conj           ####         1%          1    None
b - Blink                 Tloc           N/A          10%         2    None
c - Call Imp              Summ           ##......     10%         2    None
d - Conjure Flame         Conj/Fire      ###.....     12%         3    None
e - Slow                  Hex            #.......     14%         2    None
f - Mephitic Cloud        Conj/Pois/Air  ###.....     12%         3    None
g - Repel Missiles        Chrm/Air       #.....       12%         2    None


Dungeon Overview and Level Annotations

Branches:
Dungeon (5/15)
 Temple: D:4-7

Altars:
Dithmenos
Elyvilon
Fedhas
Sif Muna
Yredelemnul
Zin

Annotations:
D:2 Terence


Message History

The orc wizard blinks!
The orc priest invokes the aid of Beogh against you.
Pain shoots through your body!
* * * LOW HITPOINT WARNING * * *
You barely miss the orc priest.
The orc priest is almost dead.
The orc priest misses you.
You barely miss the orc priest.
The orc priest is almost dead.
The orc priest begins to cast a cantrip, but forgets the words!
You hit the orc priest. You freeze the orc priest.
You kill the orc priest!
Yredelemnul accepts your kill.
Things that are here:
a hand axe x2; a leather armour You are feeling hungry.
The orc wizard points at you and mumbles some strange words.
The magic dart hits you!
You die...
Your body rises from the dead as a mindless zombie.

### ######.#
#......#
#.####@#
#######.# #.#
#.......# #o#
#.##########)#
#.#..# #.....#
####...>#
#.#...)..#
#.......#
#.#.......
#.......###
#.........
#.........#
#.........


You could see an orc wizard.

Vanquished Creatures
  The ghost of snowfan the Conjurer, an amateur OpCj of Sif Muna (D:4)
  Sigmund (D:2)
  2 centaurs
  A hound (D:4)
  2 orc priests
  2 orc wizards
  An iguana (D:4)
  A worker ant (D:4)
  A worker ant zombie (D:5)
  10 adders
  2 worms
  2 leopard geckos (D:1)
  12 orcs
  2 ball pythons
  4 giant cockroaches
  11 goblins
  4 hobgoblins
  9 jackals
  7 kobolds
  2 quokkas
  7 bats
  5 frilled lizards
  A leopard gecko skeleton (D:5)
  12 rats
102 creatures vanquished.

Notes
Turn   | Place    | Note
-------+----------+-------------------------------------------
     0 | D:1      | devil0150 the High Elf Wizard began the quest for the Orb.
     0 | D:1      | Reached XP level 1. HP: 11/11 MP: 6/6
   170 | D:1      | Reached skill level 4 in Spellcasting
   173 | D:1      | Reached XP level 2. HP: 15/17 MP: 2/8
   649 | D:2      | Noticed Terence
   927 | D:3      | Reached XP level 3. HP: 10/21 MP: 3/10
  2028 | D:1      | Reached XP level 4. HP: 27/27 MP: 9/11
  2308 | D:2      | Noticed Sigmund
  2329 | D:2      | HP: 1/27 [something/puff of flame (10)]
  2623 | D:3      | Reached skill level 5 in Spellcasting
  2689 | D:2      | HP: 1/27 [Sigmund/scythe (5)]
  2982 | D:2      | Killed Sigmund
  2982 | D:2      | Reached skill level 1 in Fighting
  2982 | D:2      | Reached XP level 5. HP: 29/33 MP: 14/14
  2990 | D:2      | Learned a level 2 spell: Blink
  2993 | D:2      | Learned a level 2 spell: Call Imp
  2997 | D:2      | Learned a level 3 spell: Conjure Flame
  3000 | D:2      | Learned a level 2 spell: Slow
  3004 | D:2      | Learned a level 3 spell: Mephitic Cloud
  3007 | D:2      | Learned a level 2 spell: Repel Missiles
  3036 | D:2      | Found a basalt altar of Yredelemnul.
  3043 | D:2      | Found a glowing silver altar of Zin.
  3073 | D:2      | Became a worshipper of Yredelemnul the Dark
  3200 | D:2      | Found a shadowy altar of Dithmenos.
  3444 | D:3      | Reached XP level 6. HP: 36/38 MP: 9/15
  3530 | D:3      | Found a white marble altar of Elyvilon.
  3568 | D:3      | Found a faded altar of an unknown god.
  3818 | D:4      | Noticed snowfan's ghost (amateur OpCj)
  4318 | D:3      | Found a deep blue altar of Sif Muna.
  4318 | D:3      | Found a blossoming altar of Fedhas.
  4653 | D:4      | Killed snowfan's ghost
  4653 | D:4      | Reached skill level 1 in Polearms
  4653 | D:4      | Reached skill level 6 in Spellcasting
  4653 | D:4      | Reached skill level 1 in Summonings
  5065 | D:4      | Reached XP level 7. HP: 26/43 MP: 10/17
  5968 | D:5      | Entered Level 5 of the Dungeon
  5998 | D:5      | Reached skill level 7 in Spellcasting
  6104 | D:5      | Reached * piety under Yredelemnul
  6640 | D:5      | Killed from afar by an orc wizard

Skill      XL: |  1  2  3  4  5  6  7 |
---------------+----------------------+-----
Spellcasting   | 4 5 6 7 |  7.4
Conjurations   | 3 4 |  4.3
Fighting       | 1 |  1.7
Dodging        | 3 |  3.7
Stealth        | 3 |  3.3
Polearms       | 1 |  1.7
Summonings     | 1 |  1.1
Translocations | |  1.1
Fire Magic     | |  0.2
Air Magic      | |  0.5
Poison Magic   | |  0.4

Action                   |  1- 3 |  4- 6 |  7- 9 || total
-------------------------+-------+-------+-------++-------
Melee: Unarmed           |     4 |       |       ||     4
       Club              |     6 |       |       ||     6
       Dagger            |     5 |       |       ||     5
       Spear             |       |    68 |    47 ||   115
 Cast: Magic Dart        |   104 |   100 |    71 ||   275
       Call Imp          |       |     3 |       ||     3
       Conjure Flame     |       |     2 |       ||     2
       Blink             |       |     1 |       ||     1
       Mephitic Cloud    |       |       |     4 ||     4
  Use: Scroll            |     4 |     5 |     1 ||    10
 Stab: Confused          |       |       |     1 ||     1
  Eat: Chunk             |     3 |     2 |     4 ||     9
       Meat ration       |       |     1 |       ||     1
       Pizza             |       |     1 |       ||     1
       Beef jerky        |       |     1 |       ||     1
Armor: Robe              |    34 |     9 |     5 ||    48
Dodge: Dodged            |   108 |    53 |    31 ||   192
